ITL
CHATTANOOGA CHINPOKOMON @ ALLENTOWN HILLBILLIES
06/21/2028
 
TOP OF THE 1ST
Chattanooga Chinpokomon batting - Pitching for Allentown Hillbillies : RHP Juan Martínez
Pitching: RHP Juan Martínez
Batting: RHB Patrick Potts 0-0: Called Strike
0-1: Ground out 6-3 (Groundball, 6M)
Batting: RHB Cristo García 0-0: Called Strike
0-1: Swinging Strike
0-2: Ball
1-2: Strikes out swinging
Batting: RHB Jesús Tisnado 0-0: Swinging Strike
0-1: Ball
1-1: Ball
2-1: Ground out 4-3 (Groundball, 4)
Top of the 1st over - 0 run(s), 0 hit(s), 0 error(s), 0 left on base; Chattanooga 0 - Allentown 0
BOTTOM OF THE 1ST
Allentown Hillbillies batting - Pitching for Chattanooga Chinpokomon : RHP Ricardo Quiñones
Pitching: RHP Ricardo Quiñones
Batting: LHB António Salazar 0-0: Foul Ball, location: 2F
0-1: Ground out 5-3 (Groundball, 56S)
Batting: RHB Dan Banks 0-0: Ball
1-0: Ball
2-0: Called Strike
2-1: Ball
3-1: Ground out 1-3 (Groundball, 15S)
Batting: RHB Germano Labrego 0-0: Swinging Strike
0-1: Ball
1-1: Fly out, F7 (Flyball, 7LSF)
Bottom of the 1st over - 0 run(s), 0 hit(s), 0 error(s), 0 left on base; Chattanooga 0 - Allentown 0
TOP OF THE 2ND
Chattanooga Chinpokomon batting - Pitching for Allentown Hillbillies : RHP Juan Martínez
Batting: RHB Ramiro Chávez 0-0: Ball
1-0: Ball
2-0: Called Strike
2-1: Foul Ball, location: 2F
2-2: SINGLE (Line Drive, 34)
Batting: RHB Felipe Rego 0-0: Called Strike
0-1: Called Strike
0-2: Ball
1-2: Ball
2-2: Ball
3-2: Foul Ball, location: 2F
3-2: Foul Ball, location: 2F
3-2: Fly out, F9 (Flyball, 89S)
Batting: RHB Kyung-bok Cho 0-0: SINGLE (Line Drive, 56D)
Ramiro Chávez to second
Batting: RHB Juan Pérez 0-0: Called Strike
0-1: Ground out 3-1 (Groundball, 34S)
Ramiro Chávez to third
Kyung-bok Cho to second
Batting: LHB Martin Davis 0-0: Foul Ball, location: 2F
0-1: Foul Ball, location: 2F
0-2: Ball
1-2: Foul Ball, location: 2F
1-2: Foul Ball, location: 2F
1-2: Foul Ball, location: 2F
1-2: Ball
2-2: Foul Ball, location: 2F
2-2: Ground out 4-3 (Groundball, 4)
Top of the 2nd over - 0 run(s), 2 hit(s), 0 error(s), 2 left on base; Chattanooga 0 - Allentown 0
BOTTOM OF THE 2ND
Allentown Hillbillies batting - Pitching for Chattanooga Chinpokomon : RHP Ricardo Quiñones
Batting: LHB John Hudson 0-0: Foul Ball, location: 2F
0-1: Ball
1-1: Foul Ball, location: 2F
1-2: SOLO HOME RUN (Line Drive, 9D), Distance : 370 ft
Batting: RHB Carl Brown 0-0: Ball
1-0: Ball
2-0: Ball
3-0: Base on Balls
Batting: LHB Marcos Vargas 0-0: Foul Ball, location: 2F
0-1: Swinging Strike
Carl Brown steals 2nd base
0-2: Strikes out swinging
Batting: SHB Nate Rhodes 0-0: Foul Ball, location: 2F
0-1: Ball
1-1: Called Strike
1-2: Strikes out swinging, 2-3 out at first.
Batting: RHB Wyatt McKinnon 0-0: Ground out 6-3 (Groundball, 6)
Bottom of the 2nd over - 1 run(s), 1 hit(s), 0 error(s), 1 left on base; Chattanooga 0 - Allentown 1
TOP OF THE 3RD
Chattanooga Chinpokomon batting - Pitching for Allentown Hillbillies : RHP Juan Martínez
Batting: RHB José Martínez 0-0: Ball
1-0: SINGLE (Flyball, 9LS)
Batting: RHB Patrick Potts 0-0: Foul Ball, location: 2F
0-1: Ball
1-1: Swinging Strike
1-2: Ball
2-2: Strikes out looking
Batting: RHB Cristo García 0-0: Called Strike
0-1: Ball
1-1: Foul Ball, location: 2F
1-2: Ball
2-2: Strikes out looking
Batting: RHB Jesús Tisnado 0-0: Called Strike
0-1: Ball
1-1: Called Strike
1-2: Ball
2-2: Foul Ball, location: 2F
2-2: SINGLE (Line Drive, 6MD)
José Martínez to second
Runner from 2nd tries for 3rd, OUT!
Top of the 3rd over - 0 run(s), 2 hit(s), 0 error(s), 1 left on base; Chattanooga 0 - Allentown 1
BOTTOM OF THE 3RD
Allentown Hillbillies batting - Pitching for Chattanooga Chinpokomon : RHP Ricardo Quiñones
Batting: RHB Von Ford 0-0: SINGLE (Groundball, 4D)
Batting: LHB António Salazar 0-0: Ball
1-0: Fielders Choice at 2nd, 4-6 (Groundball, 34)
Batting: RHB Dan Banks 0-0: Ball
1-0: Foul Ball, location: 2F
1-1: Swinging Strike
1-2: Ball
2-2: Strikes out looking
Batting: RHB Germano Labrego 0-0: Called Strike
0-1: DOUBLE (Flyball, 9LD)
António Salazar to third
Runner from 3rd tries for Home, SAFE, no throw
Batting: LHB John Hudson 0-0: Ball
1-0: Called Strike
1-1: Foul Ball, location: 2F
1-2: Foul Ball, location: 2F
1-2: Ball
2-2: Foul Ball, location: 2F
2-2: Ball
3-2: Strikes out swinging
Bottom of the 3rd over - 1 run(s), 2 hit(s), 0 error(s), 1 left on base; Chattanooga 0 - Allentown 2
TOP OF THE 4TH
Chattanooga Chinpokomon batting - Pitching for Allentown Hillbillies : RHP Juan Martínez
Batting: RHB Ramiro Chávez 0-0: Ball
1-0: Foul Ball, location: 2F
1-1: Called Strike
1-2: Strikes out looking
Batting: RHB Felipe Rego 0-0: Foul Ball, location: 2F
0-1: Ball
1-1: SINGLE (Line Drive, 78M)
Batting: RHB Kyung-bok Cho 0-0: Ball
1-0: Grounds into double play, 5-4-3 (Groundball, 5)
Top of the 4th over - 0 run(s), 1 hit(s), 0 error(s), 0 left on base; Chattanooga 0 - Allentown 2
BOTTOM OF THE 4TH
Allentown Hillbillies batting - Pitching for Chattanooga Chinpokomon : RHP Ricardo Quiñones
Batting: RHB Carl Brown 0-0: Ball
1-0: Ball
2-0: Ball
3-0: Base on Balls
Batting: LHB Marcos Vargas 0-0: Ball
1-0: Foul Ball, location: 2F
1-1: Fly out, F8 (Line Drive, 8RM)
Batting: SHB Nate Rhodes 0-0: Foul Ball, location: 2F
0-1: Fly out, F8 (Flyball, 8LD)
Batting: RHB Wyatt McKinnon 0-0: SINGLE (Groundball, 6MD)
Carl Brown to second
Runner from 2nd tries for 3rd, SAFE, throw made to third
Batting: RHB Von Ford 0-0: Ball
1-0: Ground out 1-3 (Groundball, 15S)
Bottom of the 4th over - 0 run(s), 1 hit(s), 0 error(s), 2 left on base; Chattanooga 0 - Allentown 2
TOP OF THE 5TH
Chattanooga Chinpokomon batting - Pitching for Allentown Hillbillies : RHP Juan Martínez
Batting: RHB Juan Pérez 0-0: Ball
1-0: Ball
2-0: Called Strike
2-1: Ball
3-1: Called Strike
3-2: Base on Balls
Batting: LHB Martin Davis 0-0: Called Strike
0-1: Fly out, F8 (Flyball, 8RD)
Batting: RHB José Martínez 0-0: Swinging Strike
0-1: Foul Ball, location: 2F
0-2: Ball
1-2: Strikes out looking
Batting: RHB Patrick Potts 0-0: Ball
1-0: Swinging Strike
1-1: Ball
2-1: Ball
3-1: Swinging Strike
3-2: 2-RUN HOME RUN (Flyball, 7D), Distance : 360 ft
Batting: RHB Cristo García 0-0: Fly out, F9 (Flyball, 89D)
Top of the 5th over - 2 run(s), 1 hit(s), 0 error(s), 0 left on base; Chattanooga 2 - Allentown 2
BOTTOM OF THE 5TH
Allentown Hillbillies batting - Pitching for Chattanooga Chinpokomon : RHP Ricardo Quiñones
Batting: LHB António Salazar 0-0: Ball
1-0: SINGLE (Line Drive, 6D)
Batting: RHB Dan Banks 0-0: Ball
1-0: Called Strike
1-1: Grounds into double play, 6-4-3 (Groundball, 6)
Batting: RHB Germano Labrego 0-0: Ball
1-0: Fly out, F9 (Flyball, 89S)
Bottom of the 5th over - 0 run(s), 1 hit(s), 0 error(s), 0 left on base; Chattanooga 2 - Allentown 2
TOP OF THE 6TH
Chattanooga Chinpokomon batting - Pitching for Allentown Hillbillies : RHP Juan Martínez
Batting: RHB Jesús Tisnado 0-0: Swinging Strike
0-1: Foul Ball, location: 2F
0-2: Strikes out swinging
Batting: RHB Ramiro Chávez 0-0: Called Strike
0-1: DOUBLE (Line Drive, 7LM)
Batting: RHB Felipe Rego 0-0: Intentional Walk
Batting: RHB Kyung-bok Cho 0-0: Called Strike
0-1: Called Strike
0-2: Ball
1-2: Strikes out swinging
Batting: RHB Juan Pérez 0-0: Ball
1-0: Ball
2-0: Ball
3-0: Base on Balls
Ramiro Chávez to third
Felipe Rego to second
Batting: LHB Martin Davis 0-0: Ball
1-0: Called Strike
1-1: Ball
2-1: Ball
3-1: Base on Balls
Ramiro Chávez scores
Felipe Rego to third
Juan Pérez to second
Pitching: LHP Nick Merrit
Batting: RHB José Martínez 0-0: Foul Ball, location: 2F
0-1: Ball
1-1: Ball
2-1: Ball
3-1: Base on Balls
Felipe Rego scores
Juan Pérez to third
Martin Davis to second
Batting: RHB Patrick Potts 0-0: Ball
1-0: Called Strike
1-1: Ball
2-1: Ball
3-1: Swinging Strike
3-2: Base on Balls
Juan Pérez scores
Martin Davis to third
José Martínez to second
Batting: RHB Cristo García 0-0: Ball
1-0: Ball
2-0: Ball
3-0: Base on Balls
Martin Davis scores
José Martínez to third
Patrick Potts to second
Batting: RHB Jesús Tisnado 0-0: Called Strike
0-1: Fly out, F7 (Flyball, 78XD)
Top of the 6th over - 4 run(s), 1 hit(s), 0 error(s), 3 left on base; Chattanooga 6 - Allentown 2
BOTTOM OF THE 6TH
Allentown Hillbillies batting - Pitching for Chattanooga Chinpokomon : RHP Ricardo Quiñones
Batting: LHB John Hudson 0-0: SINGLE (Line Drive, 4MD)
Batting: RHB Carl Brown 0-0: Ball
1-0: Ball
2-0: Foul Ball, location: 2F
2-1: Ball
3-1: Foul Ball, location: 2F
3-2: 2-RUN HOME RUN (Flyball, 8RXD), Distance : 433 ft
Batting: LHB Marcos Vargas 0-0: Ball
1-0: Foul Ball, location: 2F
1-1: Fly out, F9 (Line Drive, 9)
Batting: SHB Nate Rhodes 0-0: Foul Ball, location: 2F
0-1: Fly out, F7 (Flyball, 7LM)
Batting: RHB Wyatt McKinnon 0-0: Ball
1-0: Swinging Strike
1-1: Fly out, F3 (Line Drive, 3S)
Bottom of the 6th over - 2 run(s), 2 hit(s), 0 error(s), 0 left on base; Chattanooga 6 - Allentown 4
TOP OF THE 7TH
Chattanooga Chinpokomon batting - Pitching for Allentown Hillbillies : LHP Nick Merrit
Batting: RHB Ramiro Chávez 0-0: Ball
1-0: Called Strike
1-1: Ball
2-1: Called Strike
2-2: Foul Ball, location: 2F
2-2: Ground out 5-3 (Groundball, 56)
Batting: RHB Felipe Rego 0-0: Ball
1-0: Called Strike
1-1: Ball
2-1: Fly out, F7 (Flyball, 7S)
Batting: RHB Kyung-bok Cho 0-0: Called Strike
0-1: Ground out 1-3 (Groundball, P)
Top of the 7th over - 0 run(s), 0 hit(s), 0 error(s), 0 left on base; Chattanooga 6 - Allentown 4
BOTTOM OF THE 7TH
Allentown Hillbillies batting - Pitching for Chattanooga Chinpokomon : RHP Ricardo Quiñones
Batting: RHB Von Ford 0-0: Fly out, F4 (Line Drive, 4MS)
Batting: LHB António Salazar 0-0: Swinging Strike
0-1: SINGLE (Groundball, 4D)
Batting: RHB Dan Banks 0-0: Called Strike
0-1: Ball
1-1: Called Strike
1-2: Foul Ball, location: 2F
1-2: Ball
2-2: Ground out 6-3 (Groundball, 6S)
António Salazar to second
Batting: RHB Germano Labrego 0-0: Ball
1-0: Ball
2-0: Ground out 5-3 (Groundball, 5)
Bottom of the 7th over - 0 run(s), 1 hit(s), 0 error(s), 1 left on base; Chattanooga 6 - Allentown 4
TOP OF THE 8TH
Chattanooga Chinpokomon batting - Pitching for Allentown Hillbillies : LHP Nick Merrit
Batting: RHB Juan Pérez 0-0: Ball
1-0: Ball
2-0: Fly out, F8 (Flyball, 8LM)
Batting: LHB Martin Davis 0-0: Ball
1-0: Called Strike
1-1: DOUBLE (Line Drive, 9D)
Batting: RHB José Martínez 0-0: Swinging Strike
0-1: Ball
1-1: Ground out 6-3 (Groundball, 6)
Batting: RHB Patrick Potts 0-0: Called Strike
0-1: Fly out, F9 (Line Drive, 89M)
Top of the 8th over - 0 run(s), 1 hit(s), 0 error(s), 1 left on base; Chattanooga 6 - Allentown 4
BOTTOM OF THE 8TH
Allentown Hillbillies batting - Pitching for Chattanooga Chinpokomon : RHP Ricardo Quiñones
Pitching: LHP Mario Solíz
Batting: LHB John Hudson 0-0: Ball
1-0: Ball
2-0: Ball
3-0: Called Strike
3-1: Foul Ball, location: 2F
3-2: Strikes out swinging
Batting: RHB Carl Brown 0-0: Ball
1-0: Swinging Strike
1-1: Ball
2-1: Ball
3-1: Base on Balls
Batting: LHB Marcos Vargas 0-0: Ball
1-0: Fly out, F3 (Popup, 3S)
Batting: SHB Nate Rhodes 0-0: Reached on error, E5 (Groundball, 5)
Carl Brown to second
Pitching: LHP Henry Barton
Batting: RHB Wyatt McKinnon 0-0: Swinging Strike
0-1: Ball
1-1: Fly out, F8 (Flyball, 8RM)
Bottom of the 8th over - 0 run(s), 0 hit(s), 1 error(s), 2 left on base; Chattanooga 6 - Allentown 4
TOP OF THE 9TH
Chattanooga Chinpokomon batting - Pitching for Allentown Hillbillies : LHP Nick Merrit
Batting: RHB Cristo García 0-0: Foul Ball, location: 2F
0-1: Called Strike
0-2: Ball
1-2: Ground out 5-3 (Groundball, 56S)
Pitching: RHP Jorge Ruíz
Batting: RHB Jesús Tisnado 0-0: Ball
1-0: Foul Ball, location: 2F
1-1: SINGLE (Line Drive, 8LS)
Batting: RHB Ramiro Chávez 0-0: Called Strike
0-1: Ball
Passed Ball!
Jesús Tisnado to second
1-1: Intentional Walk
Pitching: RHP Dale Downs
Pinch Hitting: LHB George Wood 0-0: Swinging Strike
0-1: Called Strike
0-2: Foul Ball, location: 2F
0-2: Foul Ball, location: 2F
0-2: Ball
1-2: Foul Ball, location: 2F
1-2: Ball
2-2: Strikes out swinging
Pinch Hitting: RHB Luis Antonio Velásquez 0-0: Called Strike
0-1: Called Strike
0-2: Strikes out swinging
Top of the 9th over - 0 run(s), 1 hit(s), 0 error(s), 2 left on base; Chattanooga 6 - Allentown 4
BOTTOM OF THE 9TH
Allentown Hillbillies batting - Pitching for Chattanooga Chinpokomon : LHP Henry Barton
Pitching: LHP Bob Quested
Now at 1B: George Wood
Now in RF: Donald White
Batting: RHB Von Ford 0-0: Ball
1-0: Ground out 5-3 (Groundball, 56)
Batting: LHB António Salazar 0-0: Called Strike
0-1: Fly out, F9 (Flyball, 89D)
Batting: RHB Dan Banks 0-0: Ball
1-0: Called Strike
1-1: Called Strike
1-2: Ball
2-2: Strikes out swinging
Bottom of the 9th over - 0 run(s), 0 hit(s), 0 error(s), 0 left on base; Chattanooga 6 - Allentown 4
Tuesday, August 8th, 2017 - OOTP Baseball 17.12 Build 75